 Dungeon Crawl Stone Soup version 0.18-a0-5-gf1fb587 (webtiles) character file.

182 hexophile the Chopper (level 5, 0/41 HPs)
             Began as a Human Fighter on Oct 31, 2015.
             Slain by a mummy (14 damage)
             ... in an ossuary.
             The game lasted 00:04:33 (2119 turns).

hexophile the Chopper (Human Fighter)               Turns: 2119, Time: 00:04:33

Health: 0/41       AC:  8    Str: 23      XL:     5   Next: 93%
Magic:  5/5        EV:  9    Int: 10 (13) God:
Gold:   142        SH:  0    Dex: 12      Spells: 0 memorised, 4 levels left

rFire  . . .     SeeInvis .     a - +0 war axe
rCold  . . .     Clarity  .     b - +1 scale mail
rNeg   . . .     SustAt   .     (no shield)
rPois  .         Gourm    .     (no helmet)
rElec  .         Spirit   .     o - +0 cloak
rCorr  .         Warding  .     (no gloves)
rMut   .         Stasis   .     (no boots)
MR     .....                    (no amulet)
Stlth  ..........               (no ring)
                                (no ring)

@: mighty, brilliant, very slightly contaminated, hasted, very quick, not
resistant to hostile enchantments, extremely unstealthy
A: no striking features
a: no special abilities


You were in an ossuary.
You were not hungry.

You visited 1 branch of the dungeon, and saw 4 of its levels.
You also visited: Ossuary.

You collected 142 gold pieces.

Inventory:

Hand Weapons
 a - a +0 war axe (weapon)
Missiles
 k - 5 needles of slowing
Armour
 b - a +1 scale mail (worn)
 o - a +0 cloak (worn)
Jewellery
 g - a cursed ring of teleportation {+/*tele}
Scrolls
 c - a scroll of enchant armour
 i - 2 scrolls of teleportation
 m - 2 scrolls of recharging
 u - a scroll of identify
Potions
 n - a potion of brilliance
 p - 2 potions of heal wounds {unknown}
 r - a potion of curing {unknown}
 s - a potion of flight {unknown}
Comestibles
 e - 2 bread rations


You had 4 spell levels left.
You didn't know any spells.


   Skills:
 - Level 3.0 Fighting
 + Level 5.6 Axes
 - Level 3.0 Armour
   Level 3.0 Shields

Dungeon Overview and Level Annotations

Branches:
Dungeon (4/15)
 Temple: D:4-7

Altars:
Elyvilon

Shops:
D:4 [

Vault maps used:
D:1:      eino_arrival_druids_welcome, minmay_misc_feat_tower
D:2:      elyvilon_altar_4
D:3:      marbit_many_paths, ecumenical_altar_2, roderic_batcave
D:4:      first_bread, enter_ossuary_4, serial_shops, shop, uniq_duvessa,
          uniq_crazy_yiuf_cottage, uniq_eustachio
Ossuary:  ossuary_tomb_3
You       could see 3 mummies.


Message History

The mummy closely misses you. The hobgoblin zombie hits you.
You take 2 damage, and have 25/41 hp.
You hit the mummy.
The mummy is moderately damaged.
You barely miss the hobgoblin zombie. You hit the mummy but do no damage.
The mummy hits you.
You take 4 damage, and have 21/41 hp.
You hit the mummy but do no damage.
The mummy is moderately damaged.
You hit the mummy.
The mummy is lightly damaged.
You hit the hobgoblin zombie.
The hobgoblin zombie hits you but does no damage.
The mummy hits you but does no damage.
You slash the mummy!
The mummy is almost destroyed.
You hit the mummy but do no damage.
The mummy is lightly damaged.
You barely miss the hobgoblin zombie. You hit the mummy but do no damage.
The mummy is almost destroyed.
You hit the mummy.
The mummy is lightly damaged.
You hit the hobgoblin zombie. The hobgoblin zombie barely misses you.
The mummy barely misses you. The mummy closely misses you.
You barely miss the mummy.
The mummy is almost destroyed.
You hit the mummy.
The mummy is lightly damaged.
You slash the hobgoblin zombie!
You destroy the hobgoblin zombie!
You barely miss the mummy.
The mummy is almost destroyed.
You hit the mummy.
The mummy is moderately damaged.
The mummy hits you!
* * * LOW HITPOINT WARNING * * *
The mummy hits you but does no damage.
You take 8 damage, and have 13/41 hp.
Drink which item? (? for menu, Esc to quit)
You feel very mighty all of a sudden.
Unknown command.
You slash the mummy!
The mummy is almost destroyed.
You slash the mummy!
The mummy is severely damaged.
You hit the mummy.
The mummy is almost destroyed.
The mummy hits you!
You die...

Action                   |  1- 3 |  4- 6 || total
-------------------------+-------+-------++-------
Melee: War axe           |   118 |    85 ||   203
  Use: Scroll            |       |     7 ||     7
       Potion            |       |     5 ||     5
  Eat: Chunk             |     1 |     2 ||     3
       Pizza             |       |     1 ||     1

Notes
Turn   | Place    | Note
--------------------------------------------------------------
     0 | D:1      | hexophile the Human Fighter began the quest for the Orb.
     0 | D:1      | Reached XP level 1. HP: 18/18 MP: 1/1
    72 | D:1      | Reached XP level 2. HP: 20/24 MP: 2/2
   162 | D:1      | Reached skill level 3 in Axes
   209 | D:1      | Reached XP level 3. HP: 14/29 MP: 3/3
   932 | D:2      | Found a white marble altar of Elyvilon.
  1066 | D:2      | Reached XP level 4. HP: 35/35 MP: 4/4
  1183 | D:2      | Reached skill level 4 in Axes
  1706 | D:3      | Reached XP level 5. HP: 31/41 MP: 5/5
  1721 | D:4      | Found Caxuss's Antique Armour Boutique.
  1871 | D:4      | Reached skill level 5 in Axes
  1928 | D:4      | Found a sand-covered staircase.
  1935 | Ossuary  | Entered an ossuary
  2119 | Ossuary  | Slain by a mummy

Table legend:
 A = Turns spent in this place as a percentage of turns spent in the entire game.
 B = Non-inter-level travel turns spent in this place as a percentage of non-inter-level travel turns spent in the entire game.
 C = Inter-level travel turns spent in this place as a percentage of turns spent in this place.
 D = Turns resting spent in this place as a percentage of non-inter-level travel turns spent in this place.
 E = Turns spent auto-exploring this place as a percentage of non-inter-level travel turns spent in this place.
 F = Non-inter-level travel turns spent in this place divided by the number of levels of this place that you've seen.
                   A       B       C       D       E      F
               +-------+-------+-------+-------+-------+----------------------
         Total | 100.0 | 100.0 |   0.2 |   1.1 |   7.7 | 186.2
       Dungeon |  92.1 |  92.1 |   0.2 |   0.5 |   8.4 | 214.2
       Ossuary |   7.9 |   7.9 |   0.0 |   8.1 |   0.0 |  74.0
               +-------+-------+-------+-------+-------+----------------------

Table legend:
 A = Kills in this place as a percentage of kills in entire the game.
 B = Kills by you in this place as a percentage of kills by you in the entire game.
 C = Kills by friends in this place as a percentage of kills by friends in the entire game.
 D = Other kills in this place as a percentage of other kills in the entire game.
 E = Experience gained in this place as a percentage of experience gained in the entire game.
 F = Experience gained in this place divided by the number of levels of this place that you have seen.
                   A       B       C       D       E      F
               +-------+-------+-------+-------+-------+----------------------
         Total | 100.0 | 100.0 |  -nan |  -nan | 100.0 |  52.2
       Dungeon |  86.1 |  86.1 |  -nan |  -nan |  72.8 |  47.5
       Ossuary |  13.9 |  13.9 |  -nan |  -nan |  27.2 |  71.0
               +-------+-------+-------+-------+-------+----------------------

Vanquished Creatures
  A worker ant (D:4)
  A big kobold zombie (Ossuary)
  2 mummies (Ossuary)
  4 adders
  An ooze (D:1)
  2 worms
  4 giant geckos
  3 orcs
  2 ball pythons (D:1)
  2 giant cockroaches
  A gnoll zombie (Ossuary)
  9 hobgoblins
  2 jackals (D:1)
  13 kobolds
  A quokka (D:2)
  7 bats
  4 giant newts
  3 goblins
  2 hobgoblin zombies (Ossuary)
  A kobold zombie (Ossuary)
  3 orc zombies (Ossuary)
  4 rats
72 creatures vanquished.
